TOP OF THE 1ST |
Birmingham Barons batting - Pitching for Wisconsin Timber Rattlers : RHP Tom McConnell
|
Pitching: RHP Tom McConnell
|
|
Batting: LHB Al Gaines
|
0-0: Called Strike 0-1: Ball 1-1: Foul Ball, location: 2F 1-2: Ball 2-2: Fly out, F4 (Line Drive, 4M)
|
Batting: RHB Warren Martin
|
0-0: Foul Ball, location: 2F 0-1: Foul Ball, location: 2F 0-2: Ball 1-2: Strikes out looking
|
Batting: RHB Yujiro Kurihara
|
0-0: Ball 1-0: Swinging Strike 1-1: Ball 2-1: Ball 3-1: Foul Ball, location: 2F 3-2: Base on Balls
|
Batting: SHB Anastasio Ortíz
|
0-0: Ground out 1-3 (Groundball, P)
|
Top of the 1st over - 0 run(s), 0 hit(s), 0 error(s), 1 left on base; Birmingham 0 - Wisconsin 0 |
BOTTOM OF THE 1ST |
Wisconsin Timber Rattlers batting - Pitching for Birmingham Barons : RHP Jeffrey Stephens
|
Pitching: RHP Jeffrey Stephens
|
|
Batting: RHB Greg King
|
0-0: Foul Ball, location: 2F 0-1: Called Strike 0-2: Strikes out looking
|
Batting: RHB Dick Slagboom
|
0-0: Ball 1-0: Foul Ball, location: 2F 1-1: Ball 2-1: Ground out 6-3 (Groundball, 6)
|
Batting: LHB George Smith
|
0-0: Ball 1-0: Ground out 6-3 (Groundball, 6)
|
Bottom of the 1st over - 0 run(s), 0 hit(s), 0 error(s), 0 left on base; Birmingham 0 - Wisconsin 0 |
TOP OF THE 2ND |
Birmingham Barons batting - Pitching for Wisconsin Timber Rattlers : RHP Tom McConnell
|
Batting: RHB Jean-Paul St-Pierre
|
0-0: Ball 1-0: Ground out 1-3 (Groundball, 13)
|
Batting: RHB Vicente Elías
|
0-0: Ball 1-0: Bunt missed! 1-1: Ball 2-1: Foul Ball, location: 2F 2-2: Ball 3-2: Strikes out looking
|
Batting: RHB Peyton Yardley
|
0-0: Fly out, F6 (Line Drive, 6D)
|
Top of the 2nd over - 0 run(s), 0 hit(s), 0 error(s), 0 left on base; Birmingham 0 - Wisconsin 0 |
BOTTOM OF THE 2ND |
Wisconsin Timber Rattlers batting - Pitching for Birmingham Barons : RHP Jeffrey Stephens
|
Batting: RHB Shawn Marshall
|
0-0: Ball 1-0: Ball 2-0: Foul Ball, location: 2F 2-1: SINGLE (Line Drive, 6D)
|
Batting: LHB Alex Henderson
|
0-0: Called Strike 0-1: Ball 1-1: DOUBLE (Flyball, 7D) Shawn Marshall to third
|
Batting: RHB Danny Campbell
|
0-0: Ball 1-0: Foul Ball, location: 2F 1-1: Ball 2-1: Called Strike 2-2: Ball 3-2: Ground out 4-3 (Groundball, 4) Shawn Marshall scores Alex Henderson to third
|
Batting: RHB Fraser Stanton
|
0-0: Ball 1-0: Ball 2-0: Ball 3-0: Called Strike 3-1: Called Strike 3-2: Base on Balls
|
Batting: RHB Bailey Ramsey
|
0-0: Called Strike 0-1: Ball 1-1: Fly out, F5 (Line Drive, 56S)
|
Batting: SHB José López
|
0-0: Called Strike 0-1: Ball 1-1: Ball 2-1: Ball 3-1: Foul Ball, location: 2F 3-2: Base on Balls Fraser Stanton to second
|
Batting: RHB Greg King
|
0-0: Reached on error, E5 (Groundball, 5S) Alex Henderson scores Fraser Stanton to third José López to second
|
Batting: RHB Dick Slagboom
|
0-0: Ball 1-0: Ball 2-0: SINGLE (Line Drive, 78M) Fraser Stanton scores José López to third Greg King to second Runner from 3rd tries for Home, SAFE, no throw
|
Batting: LHB George Smith
|
0-0: Swinging Strike 0-1: Ball 1-1: Ball 2-1: Swinging Strike 2-2: Fielders Choice at 2nd, 4-6 (Groundball, 4)
|
Bottom of the 2nd over - 4 run(s), 3 hit(s), 1 error(s), 1 left on base; Birmingham 0 - Wisconsin 4 |
TOP OF THE 3RD |
Birmingham Barons batting - Pitching for Wisconsin Timber Rattlers : RHP Andy Parker
|
Pitching: RHP Andy Parker
|
|
Batting: RHB José Carlos Caraballo
|
0-0: Called Strike 0-1: SINGLE (Line Drive, 6D)
|
Batting: RHB David Raymos
|
0-0: Called Strike 0-1: Called Strike 0-2: Grounds into double play, 5-4-3 (Groundball, 56)
|
Batting: LHB Al Gaines
|
0-0: Ball 1-0: Swinging Strike 1-1: Swinging Strike 1-2: Strikes out looking
|
Top of the 3rd over - 0 run(s), 1 hit(s), 0 error(s), 0 left on base; Birmingham 0 - Wisconsin 4 |
BOTTOM OF THE 3RD |
Wisconsin Timber Rattlers batting - Pitching for Birmingham Barons : RHP Jeffrey Stephens
|
Batting: RHB Shawn Marshall
|
0-0: Called Strike 0-1: Ball 1-1: Called Strike 1-2: Fly out, F7 (Flyball, 78M)
|
Batting: LHB Alex Henderson
|
0-0: Called Strike 0-1: Foul Ball, location: 2F 0-2: Ball 1-2: Fly out, F1 (Line Drive, 13)
|
Batting: RHB Danny Campbell
|
0-0: Called Strike 0-1: Called Strike 0-2: Foul Ball, location: 2F 0-2: Strikes out swinging
|
Bottom of the 3rd over - 0 run(s), 0 hit(s), 0 error(s), 0 left on base; Birmingham 0 - Wisconsin 4 |
TOP OF THE 4TH |
Birmingham Barons batting - Pitching for Wisconsin Timber Rattlers : RHP Andy Parker
|
Batting: RHB Warren Martin
|
0-0: Ball 1-0: Foul Ball, location: 2F 1-1: Foul Ball, location: 2F 1-2: Foul Ball, location: 2F 1-2: Strikes out swinging
|
Batting: RHB Yujiro Kurihara
|
0-0: Ball 1-0: Ball 2-0: Swinging Strike 2-1: TRIPLE (Line Drive, 9LM)
|
Batting: SHB Anastasio Ortíz
|
0-0: Ball 1-0: Called Strike 1-1: Ball 2-1: Foul Ball, location: 2F 2-2: Ball 3-2: Base on Balls
|
Batting: RHB Jean-Paul St-Pierre
|
0-0: Called Strike 0-1: Foul Ball, location: 2F 0-2: Ball 1-2: Ball 2-2: Fly out, F7 (Flyball, 7D) Runner from 3rd tags up, SCORES, no throw
|
Batting: RHB Vicente Elías
|
0-0: Called Strike 0-1: Ball 1-1: Ball 2-1: Ground out 1-3 (Groundball, 15S)
|
Top of the 4th over - 1 run(s), 1 hit(s), 0 error(s), 1 left on base; Birmingham 1 - Wisconsin 4 |
BOTTOM OF THE 4TH |
Wisconsin Timber Rattlers batting - Pitching for Birmingham Barons : RHP Jeffrey Stephens
|
Batting: RHB Fraser Stanton
|
0-0: Swinging Strike 0-1: Ball 1-1: Ball 2-1: Ball 3-1: Fly out, F8 (Line Drive, 89M)
|
Batting: RHB Bailey Ramsey
|
0-0: Ball 1-0: Ball 2-0: Ground out 6-3 (Groundball, 6)
|
Batting: SHB José López
|
0-0: Ball 1-0: Called Strike 1-1: Ball 2-1: Foul Ball, location: 2F 2-2: Strikes out looking
|
Bottom of the 4th over - 0 run(s), 0 hit(s), 0 error(s), 0 left on base; Birmingham 1 - Wisconsin 4 |
TOP OF THE 5TH |
Birmingham Barons batting - Pitching for Wisconsin Timber Rattlers : RHP Andy Parker
|
Batting: RHB Peyton Yardley
|
0-0: Ball 1-0: Fly out, F9 (Line Drive, 89M)
|
Batting: RHB José Carlos Caraballo
|
0-0: SINGLE (Flyball, 9LS)
|
Batting: RHB David Raymos
|
0-0: Foul Ball, location: 2F 0-1: SINGLE (Flyball, 89M) José Carlos Caraballo to second Runner from 2nd tries for 3rd, OUT!
|
Batting: LHB Al Gaines
|
0-0: Fly out, F4 (Line Drive, 4)
|
Top of the 5th over - 0 run(s), 2 hit(s), 0 error(s), 1 left on base; Birmingham 1 - Wisconsin 4 |
BOTTOM OF THE 5TH |
Wisconsin Timber Rattlers batting - Pitching for Birmingham Barons : RHP Jeffrey Stephens
|
Batting: RHB Greg King
|
0-0: Foul Ball, location: 2F 0-1: Ball 1-1: Fly out, F3 (Line Drive, 3)
|
Batting: RHB Dick Slagboom
|
0-0: Called Strike 0-1: Called Strike 0-2: Ball 1-2: Ball 2-2: Strikes out swinging
|
Batting: LHB George Smith
|
0-0: Ball 1-0: Foul Ball, location: 2F 1-1: Ball 2-1: Foul Ball, location: 2F 2-2: Foul Ball, location: 2F 2-2: Foul Ball, location: 2F 2-2: Foul Ball, location: 2F 2-2: Strikes out swinging
|
Bottom of the 5th over - 0 run(s), 0 hit(s), 0 error(s), 0 left on base; Birmingham 1 - Wisconsin 4 |
TOP OF THE 6TH |
Birmingham Barons batting - Pitching for Wisconsin Timber Rattlers : RHP Andy Parker
|
Batting: RHB Warren Martin
|
0-0: Ball 1-0: Ball 2-0: Foul Ball, location: 2F 2-1: Bunt for hit - play at first, batter OUT! 5-3
|
Batting: RHB Yujiro Kurihara
|
0-0: Ball 1-0: Foul Ball, location: 2F 1-1: Fly out, F8 (Flyball, 8LM)
|
Batting: SHB Anastasio Ortíz
|
0-0: Called Strike 0-1: Ball 1-1: Swinging Strike 1-2: Foul Ball, location: 2F 1-2: Fly out, F8 (Flyball, 8LS)
|
Top of the 6th over - 0 run(s), 0 hit(s), 0 error(s), 0 left on base; Birmingham 1 - Wisconsin 4 |
BOTTOM OF THE 6TH |
Wisconsin Timber Rattlers batting - Pitching for Birmingham Barons : RHP Jeffrey Stephens
|
Batting: RHB Shawn Marshall
|
0-0: TRIPLE (Flyball, 8RXD)
|
Batting: LHB Alex Henderson
|
0-0: Foul Ball, location: 2F 0-1: Ball 1-1: Swinging Strike 1-2: Ball 2-2: Foul Ball, location: 2F 2-2: Ground out 6-3 (Groundball, 6)
|
Batting: RHB Danny Campbell
|
0-0: Ball 1-0: Ball 2-0: Ball 3-0: Foul Ball, location: 2F 3-1: 2-RUN HOME RUN (Flyball, 8RXD), Distance : 416 ft
|
Pitching: RHP Pedro Valdés
|
|
Batting: RHB Fraser Stanton
|
0-0: Ball 1-0: Ground out 4-3 (Groundball, 4)
|
Batting: RHB Bailey Ramsey
|
0-0: Ball 1-0: Ground out 6-3 (Groundball, 56)
|
Bottom of the 6th over - 2 run(s), 2 hit(s), 0 error(s), 0 left on base; Birmingham 1 - Wisconsin 6 |
TOP OF THE 7TH |
Birmingham Barons batting - Pitching for Wisconsin Timber Rattlers : RHP Andy Parker
|
Pitching: LHP Nathan Ortíz
|
|
Batting: RHB Jean-Paul St-Pierre
|
0-0: Called Strike 0-1: Ball 1-1: Foul Ball, location: 2F 1-2: Strikes out looking
|
Batting: RHB Vicente Elías
|
0-0: Ball 1-0: Ball 2-0: Ball 3-0: Called Strike 3-1: Fly out, F8 (Flyball, 8RS)
|
Batting: RHB Peyton Yardley
|
0-0: Ball 1-0: Foul Ball, location: 2F 1-1: Foul Ball, location: 2F 1-2: Foul Ball, location: 2F 1-2: SOLO HOME RUN (Line Drive, 7LD), Distance : 343 ft
|
Batting: RHB José Carlos Caraballo
|
0-0: Ball 1-0: Ball 2-0: Foul Ball, location: 2F 2-1: Foul Ball, location: 2F 2-2: Foul Ball, location: 2F 2-2: Strikes out looking
|
Top of the 7th over - 1 run(s), 1 hit(s), 0 error(s), 0 left on base; Birmingham 2 - Wisconsin 6 |
BOTTOM OF THE 7TH |
Wisconsin Timber Rattlers batting - Pitching for Birmingham Barons : RHP Pedro Valdés
|
Batting: SHB José López
|
0-0: Ball 1-0: Ball 2-0: Ball 3-0: Base on Balls
|
Batting: RHB Greg King
|
0-0: Bunt - Flyout! F2
|
Batting: RHB Dick Slagboom
|
0-0: Ball 1-0: SINGLE (Groundball, 34D) José López to second Runner from 2nd tries for 3rd, SAFE, no throw
|
Batting: LHB George Smith
|
0-0: Called Strike 0-1: Grounds into double play, 6-4-3 (Groundball, 6)
|
Bottom of the 7th over - 0 run(s), 1 hit(s), 0 error(s), 1 left on base; Birmingham 2 - Wisconsin 6 |
TOP OF THE 8TH |
Birmingham Barons batting - Pitching for Wisconsin Timber Rattlers : LHP Nathan Ortíz
|
Batting: RHB David Raymos
|
0-0: Foul Ball, location: 2F 0-1: Foul Ball, location: 2F 0-2: Strikes out looking
|
Batting: LHB Al Gaines
|
0-0: Foul Ball, location: 2F 0-1: Ball 1-1: Called Strike 1-2: Foul Ball, location: 2F 1-2: Ball 2-2: Foul Ball, location: 2F 2-2: Ground out 1-3 (Groundball, P)
|
Batting: RHB Warren Martin
|
0-0: Called Strike 0-1: SINGLE (Groundball, 4D)
|
Batting: RHB Yujiro Kurihara
|
0-0: Ball 1-0: Ball Wild Pitch! Warren Martin to second 2-0: Ball 3-0: Base on Balls
|
Pitching: RHP Manuel González
|
|
Batting: SHB Anastasio Ortíz
|
0-0: Fielders Choice at 2nd, 5-4 (Groundball, 56)
|
Top of the 8th over - 0 run(s), 1 hit(s), 0 error(s), 1 left on base; Birmingham 2 - Wisconsin 6 |
BOTTOM OF THE 8TH |
Wisconsin Timber Rattlers batting - Pitching for Birmingham Barons : RHP Pedro Valdés
|
Batting: RHB Shawn Marshall
|
0-0: Foul Ball, location: 2F 0-1: Ball 1-1: Called Strike 1-2: Ball 2-2: Ball 3-2: Fly out, F9 (Flyball, 9S)
|
Batting: LHB Alex Henderson
|
0-0: Foul Ball, location: 2F 0-1: Foul Ball, location: 2F 0-2: Ball 1-2: Ground out 3-1 (Groundball, 34)
|
Batting: RHB Danny Campbell
|
0-0: Called Strike 0-1: Swinging Strike 0-2: Foul Ball, location: 2F 0-2: Ground out 4-3 (Groundball, 4)
|
Bottom of the 8th over - 0 run(s), 0 hit(s), 0 error(s), 0 left on base; Birmingham 2 - Wisconsin 6 |
TOP OF THE 9TH |
Birmingham Barons batting - Pitching for Wisconsin Timber Rattlers : RHP Manuel González
|
Pitching: LHP Sergio Vargas
|
|
Batting: RHB Jean-Paul St-Pierre
|
0-0: Ball 1-0: Ground out 5-3 (Groundball, 5L)
|
Batting: RHB Vicente Elías
|
0-0: Foul Ball, location: 2F 0-1: Fly out, F8 (Line Drive, 8LM)
|
Batting: RHB Peyton Yardley
|
0-0: Called Strike 0-1: Called Strike 0-2: Fly out, F7 (Flyball, 7S)
|
Top of the 9th over - 0 run(s), 0 hit(s), 0 error(s), 0 left on base; Birmingham 2 - Wisconsin 6 |
|